TOP OF THE 1ST |
Seattle Pikes batting - Pitching for Kansas City Kings : RHP Mark Head
|
Pitching: RHP Mark Head
|
|
Batting: LHB Roberto Lozano
|
0-0: DOUBLE (Line Drive, 9LM)
|
Batting: SHB António Hernández
|
0-0: Ground out U3 (Groundball, 34) Roberto Lozano to third
|
Batting: LHB Richard Hunter
|
0-0: Ground out 6-3 (Groundball, 6) Roberto Lozano scores
|
Batting: RHB Manuel Rico
|
0-0: Ball 1-0: Foul Ball, location: 2F 1-1: Called Strike 1-2: Ball 2-2: Strikes out looking
|
Top of the 1st over - 1 run(s), 1 hit(s), 0 error(s), 0 left on base; Seattle 1 - Kansas City 0 |
BOTTOM OF THE 1ST |
Kansas City Kings batting - Pitching for Seattle Pikes : LHP Albert Lebel
|
Pitching: LHP Albert Lebel
|
|
Batting: RHB Chris Chandler
|
0-0: Ball 1-0: Swinging Strike 1-1: Foul Ball, location: 2F 1-2: Foul Ball, location: 2F 1-2: Ball 2-2: SOLO HOME RUN (Line Drive, 7LD), Distance : 391 ft
|
Batting: RHB Toshimichi Kono
|
0-0: Called Strike 0-1: Called Strike 0-2: Strikes out swinging
|
Batting: RHB Dave Parker
|
0-0: Called Strike 0-1: Ball 1-1: Ball 2-1: Called Strike 2-2: Strikes out swinging
|
Batting: LHB Stan Hickman
|
0-0: Ball 1-0: Ball 2-0: SINGLE (Groundball, 56D)
|
Batting: SHB Douglas Taylor
|
0-0: Called Strike 0-1: Ball 1-1: Swinging Strike 1-2: Ball 2-2: Strikes out looking
|
Bottom of the 1st over - 1 run(s), 2 hit(s), 0 error(s), 1 left on base; Seattle 1 - Kansas City 1 |
TOP OF THE 2ND |
Seattle Pikes batting - Pitching for Kansas City Kings : RHP Mark Head
|
Batting: RHB Wallace Greene
|
0-0: Ball 1-0: Ball 2-0: Called Strike 2-1: Ground out 4-3 (Groundball, 4)
|
Batting: RHB Iván Gonzáles
|
0-0: Called Strike 0-1: Ball 1-1: Ball 2-1: Ball 3-1: Called Strike 3-2: Foul Ball, location: 2F 3-2: Strikes out swinging
|
Batting: RHB Bill Mark
|
0-0: Foul Ball, location: 2F 0-1: SINGLE (Line Drive, 56D)
|
Batting: RHB Roberto Zamora
|
0-0: Ball 1-0: Called Strike 1-1: SINGLE (Groundball, 4MD) Bill Mark to second
|
Batting: RHB Arnold Harmon
|
0-0: Ball 1-0: Fly out, F8 (Flyball, 89M)
|
Top of the 2nd over - 0 run(s), 2 hit(s), 0 error(s), 2 left on base; Seattle 1 - Kansas City 1 |
BOTTOM OF THE 2ND |
Kansas City Kings batting - Pitching for Seattle Pikes : LHP Albert Lebel
|
Batting: LHB Brian Boone
|
0-0: Ball 1-0: Swinging Strike 1-1: Swinging Strike 1-2: Foul Ball, location: 2F 1-2: Ball 2-2: Strikes out looking
|
Batting: RHB Ronald Parsons
|
0-0: Fly out, F4 (Popup, 4)
|
Batting: RHB Oliver Lugo
|
0-0: Called Strike 0-1: Ball 1-1: Foul Ball, location: 2F 1-2: Ball 2-2: Strikes out swinging, 2-3 out at first.
|
Bottom of the 2nd over - 0 run(s), 0 hit(s), 0 error(s), 0 left on base; Seattle 1 - Kansas City 1 |
TOP OF THE 3RD |
Seattle Pikes batting - Pitching for Kansas City Kings : RHP Mark Head
|
Batting: LHB Roberto Lozano
|
0-0: Ball 1-0: Ground out 6-3 (Groundball, 6)
|
Batting: SHB António Hernández
|
0-0: Ball 1-0: Ball 2-0: Called Strike 2-1: Fly out, F3 (Flyball, 3D)
|
Batting: LHB Richard Hunter
|
0-0: Foul Ball, location: 2F 0-1: Foul Ball, location: 2F 0-2: Fly out, F8 (Flyball, 8RD)
|
Top of the 3rd over - 0 run(s), 0 hit(s), 0 error(s), 0 left on base; Seattle 1 - Kansas City 1 |
BOTTOM OF THE 3RD |
Kansas City Kings batting - Pitching for Seattle Pikes : LHP Albert Lebel
|
Batting: LHB Luis González
|
0-0: Called Strike 0-1: Foul Ball, location: 2F 0-2: Ball 1-2: Strikes out looking
|
Batting: RHB Chris Chandler
|
0-0: Called Strike 0-1: Ball 1-1: SINGLE (Flyball, 7S)
|
Batting: RHB Toshimichi Kono
|
0-0: Ball 1-0: Foul Ball, location: 2F 1-1: Ball 2-1: Ball 3-1: SINGLE (Groundball, 6MD) Chris Chandler to second
|
Batting: RHB Dave Parker
|
0-0: Ball 1-0: Ball 2-0: Fly out, F7 (Line Drive, 7S)
|
Batting: LHB Stan Hickman
|
0-0: Ball 1-0: Swinging Strike 1-1: Swinging Strike 1-2: Ball 2-2: Ball 3-2: Strikes out looking
|
Bottom of the 3rd over - 0 run(s), 2 hit(s), 0 error(s), 2 left on base; Seattle 1 - Kansas City 1 |
TOP OF THE 4TH |
Seattle Pikes batting - Pitching for Kansas City Kings : RHP Mark Head
|
Batting: RHB Manuel Rico
|
0-0: Called Strike 0-1: Ground out 6-3 (Groundball, 6)
|
Batting: RHB Wallace Greene
|
0-0: Ball 1-0: SINGLE (Groundball, 56D)
|
Batting: RHB Iván Gonzáles
|
0-0: Ball 1-0: Called Strike 1-1: Called Strike 1-2: Ball 2-2: Foul Ball, location: 2F 2-2: Ball Wallace Greene steals 2nd base 3-2: Base on Balls
|
Batting: RHB Bill Mark
|
0-0: Called Strike 0-1: Swinging Strike 0-2: Strikes out looking
|
Batting: RHB Roberto Zamora
|
0-0: Ball 1-0: Ground out 6-3 (Groundball, 6MS)
|
Top of the 4th over - 0 run(s), 1 hit(s), 0 error(s), 2 left on base; Seattle 1 - Kansas City 1 |
BOTTOM OF THE 4TH |
Kansas City Kings batting - Pitching for Seattle Pikes : LHP Albert Lebel
|
Batting: SHB Douglas Taylor
|
0-0: Ball 1-0: Swinging Strike 1-1: Foul Ball, location: 2F 1-2: Ball 2-2: Strikes out swinging
|
Batting: LHB Brian Boone
|
0-0: Ball 1-0: Foul Ball, location: 2F 1-1: Ground out 6-3 (Groundball, 6M)
|
Batting: RHB Ronald Parsons
|
0-0: Foul Ball, location: 2F 0-1: Ball 1-1: Called Strike 1-2: Strikes out swinging
|
Bottom of the 4th over - 0 run(s), 0 hit(s), 0 error(s), 0 left on base; Seattle 1 - Kansas City 1 |
TOP OF THE 5TH |
Seattle Pikes batting - Pitching for Kansas City Kings : RHP Mark Head
|
Batting: RHB Arnold Harmon
|
0-0: Ball 1-0: Ball 2-0: Foul Ball, location: 2F 2-1: Ball 3-1: Foul Ball, location: 2F 3-2: Foul Ball, location: 2F 3-2: Foul Ball, location: 2F 3-2: Base on Balls
|
Batting: LHB Roberto Lozano
|
0-0: Ball 1-0: TRIPLE (Line Drive, 9LD) Arnold Harmon scores
|
Batting: SHB António Hernández
|
0-0: Ground out 3-1 (Groundball, 34S) Roberto Lozano scores
|
Batting: LHB Richard Hunter
|
0-0: Fly out, F7 (Flyball, 78S)
|
Batting: RHB Manuel Rico
|
0-0: Ball 1-0: SINGLE (Line Drive, 4M)
|
Batting: RHB Wallace Greene
|
0-0: Called Strike 0-1: Ball 1-1: Ball 2-1: SINGLE (Line Drive, 4MD) Manuel Rico to second Runner from 2nd tries for 3rd, SAFE, throw made to third
|
Batting: RHB Iván Gonzáles
|
0-0: Swinging Strike 0-1: Ball 1-1: Ball 2-1: Foul Ball, location: 2F 2-2: Fly out, F8 (Flyball, 89S)
|
Top of the 5th over - 2 run(s), 3 hit(s), 0 error(s), 2 left on base; Seattle 3 - Kansas City 1 |
BOTTOM OF THE 5TH |
Kansas City Kings batting - Pitching for Seattle Pikes : LHP Albert Lebel
|
Batting: RHB Oliver Lugo
|
0-0: Called Strike 0-1: Reaches on Catchers interference
|
Batting: LHB Luis González
|
0-0: Ball 1-0: Foul Ball, location: 2F 1-1: Foul Ball, location: 2F 1-2: Ball 2-2: DOUBLE (Line Drive, 9LD) Oliver Lugo to third Oliver Lugo scores
|
Batting: RHB Chris Chandler
|
0-0: Ground out 5-3 (Groundball, 56)
|
Batting: RHB Toshimichi Kono
|
0-0: Ball 1-0: Called Strike 1-1: Ground out 5-3 (Groundball, 56S) Luis González to third
|
Batting: RHB Dave Parker
|
0-0: Ball 1-0: Swinging Strike 1-1: Ball 2-1: Foul Ball, location: 2F 2-2: Ball 3-2: Strikes out swinging
|
Bottom of the 5th over - 1 run(s), 1 hit(s), 1 error(s), 1 left on base; Seattle 3 - Kansas City 2 |
TOP OF THE 6TH |
Seattle Pikes batting - Pitching for Kansas City Kings : RHP Mark Head
|
Batting: RHB Bill Mark
|
0-0: Called Strike 0-1: SINGLE (Groundball, 6D)
|
Batting: RHB Roberto Zamora
|
0-0: Ball 1-0: Swinging Strike 1-1: Ball 2-1: Swinging Strike 2-2: Strikes out looking
|
Batting: RHB Arnold Harmon
|
0-0: SINGLE (Groundball, 56D) Bill Mark to second
|
Pitching: LHP Ignacio Colón
|
|
Batting: LHB Roberto Lozano
|
0-0: Called Strike 0-1: Swinging Strike 0-2: Ball 1-2: Strikes out swinging
|
Batting: SHB António Hernández
|
0-0: Ball 1-0: Foul Ball, location: 2F 1-1: Called Strike 1-2: Strikes out swinging
|
Top of the 6th over - 0 run(s), 2 hit(s), 0 error(s), 2 left on base; Seattle 3 - Kansas City 2 |
BOTTOM OF THE 6TH |
Kansas City Kings batting - Pitching for Seattle Pikes : LHP Albert Lebel
|
Pitching: RHP Jesús Suárez
|
|
Batting: LHB Stan Hickman
|
0-0: Called Strike 0-1: Ball 1-1: Ball 2-1: Swinging Strike 2-2: Ball 3-2: SINGLE (Groundball, 6D)
|
Batting: SHB Douglas Taylor
|
0-0: SINGLE (Line Drive, 9LS) Stan Hickman to second
|
Batting: LHB Brian Boone
|
0-0: Swinging Strike 0-1: Ball 1-1: Fly out, F9 (Flyball, 9D) Runner from 2nd tags up, SAFE at 3rd, no throw
|
Batting: RHB Ronald Parsons
|
0-0: Swinging Strike 0-1: Swinging Strike 0-2: Strikes out swinging
|
Batting: RHB Oliver Lugo
|
0-0: Called Strike 0-1: Ball 1-1: Ball 2-1: Fielders Choice at 2nd, 6-4 (Groundball, 6)
|
Bottom of the 6th over - 0 run(s), 2 hit(s), 0 error(s), 1 left on base; Seattle 3 - Kansas City 2 |
TOP OF THE 7TH |
Seattle Pikes batting - Pitching for Kansas City Kings : LHP Ignacio Colón
|
Batting: LHB Richard Hunter
|
0-0: Swinging Strike 0-1: Ball 1-1: Ground out U3 (Groundball, 34)
|
Batting: RHB Manuel Rico
|
0-0: Ball 1-0: Fly out, F6 (Popup, 4MD)
|
Batting: RHB Wallace Greene
|
0-0: Ball 1-0: Called Strike 1-1: Foul Ball, location: 2F 1-2: SINGLE (Line Drive, 56)
|
Batting: RHB Iván Gonzáles
|
0-0: SINGLE (Flyball, 8LS) Wallace Greene to second
|
Batting: RHB Bill Mark
|
0-0: Called Strike 0-1: Called Strike 0-2: Foul Ball, location: 2F 0-2: Ball 1-2: DOUBLE (Line Drive, 7LM) Wallace Greene scores Iván Gonzáles to third
|
Batting: RHB Roberto Zamora
|
0-0: Ground out 1-3 (Groundball, 13)
|
Top of the 7th over - 1 run(s), 3 hit(s), 0 error(s), 2 left on base; Seattle 4 - Kansas City 2 |
BOTTOM OF THE 7TH |
Kansas City Kings batting - Pitching for Seattle Pikes : RHP Jesús Suárez
|
Batting: LHB Luis González
|
0-0: Ball 1-0: Ball 2-0: Ball 3-0: Called Strike 3-1: Called Strike 3-2: TRIPLE (Line Drive, 8LD)
|
Batting: RHB Chris Chandler
|
0-0: Ball 1-0: Ball 2-0: Called Strike 2-1: Ball 3-1: Foul Ball, location: 2F 3-2: Foul Ball, location: 2F 3-2: Foul Ball, location: 2F 3-2: Fly out, F5 (Popup, 56)
|
Batting: RHB Toshimichi Kono
|
0-0: Called Strike 0-1: Ground out 5-3 (Groundball, 5)
|
Batting: RHB Dave Parker
|
0-0: Ball 1-0: Fly out, F4 (Popup, 4S)
|
Bottom of the 7th over - 0 run(s), 1 hit(s), 0 error(s), 1 left on base; Seattle 4 - Kansas City 2 |
TOP OF THE 8TH |
Seattle Pikes batting - Pitching for Kansas City Kings : LHP Ignacio Colón
|
Batting: RHB Arnold Harmon
|
0-0: Called Strike 0-1: Ball 1-1: Swinging Strike 1-2: Foul Ball, location: 2F 1-2: Fly out, F8 (Line Drive, 8LM)
|
Batting: LHB Roberto Lozano
|
0-0: Ball 1-0: Swinging Strike 1-1: Called Strike 1-2: Ball 2-2: Fly out, F4 (Line Drive, 4)
|
Batting: SHB António Hernández
|
0-0: DOUBLE (Line Drive, 89XD)
|
Batting: LHB Richard Hunter
|
0-0: Ground out 3-1 (Groundball, 23)
|
Top of the 8th over - 0 run(s), 1 hit(s), 0 error(s), 1 left on base; Seattle 4 - Kansas City 2 |
BOTTOM OF THE 8TH |
Kansas City Kings batting - Pitching for Seattle Pikes : RHP Jesús Suárez
|
Batting: LHB Stan Hickman
|
0-0: Ball 1-0: Ball 2-0: Called Strike 2-1: SOLO HOME RUN (Flyball, 9D), Distance : 383 ft
|
Pitching: RHP Orlando Ojeda
|
|
Batting: SHB Douglas Taylor
|
0-0: Ground out 6-3 (Groundball, 6M)
|
Pitching: LHP Manny Sandoval
|
|
Batting: LHB Brian Boone
|
0-0: Called Strike 0-1: Foul Ball, location: 2F 0-2: Ball 1-2: Strikes out swinging
|
Batting: RHB Ronald Parsons
|
0-0: Ball 1-0: Ball 2-0: DOUBLE (Flyball, 78D)
|
Batting: RHB Oliver Lugo
|
0-0: SINGLE (Groundball, 4MD) Ronald Parsons to third Runner from 3rd tries for Home, SAFE, throw made home Oliver Lugo to second
|
Pinch Hitting: RHB Eric Fuller
|
0-0: Called Strike 0-1: Foul Ball, location: 2F 0-2: Ball 1-2: Ball 2-2: Ball 3-2: Base on Balls
|
Batting: RHB Chris Chandler
|
0-0: Called Strike 0-1: Ground out 5-3 (Groundball, 5S)
|
Bottom of the 8th over - 2 run(s), 3 hit(s), 0 error(s), 2 left on base; Seattle 4 - Kansas City 4 |
TOP OF THE 9TH |
Seattle Pikes batting - Pitching for Kansas City Kings : LHP Ignacio Colón
|
Pitching: RHP Alberto Bonilla
|
|
Now at 3B: Eric Fuller
|
|
Batting: RHB Manuel Rico
|
0-0: Ball 1-0: Ball 2-0: Called Strike 2-1: Foul Ball, location: 2F 2-2: Foul Ball, location: 2F 2-2: Fly out, F8 (Flyball, 8LM)
|
Batting: RHB Wallace Greene
|
0-0: Ball 1-0: Called Strike 1-1: Ball 2-1: Ground out 3-1 (Groundball, 34S)
|
Batting: RHB Iván Gonzáles
|
0-0: Ball 1-0: Foul Ball, location: 2F 1-1: Ball 2-1: Ball 3-1: Base on Balls
|
Batting: RHB Bill Mark
|
0-0: Ball 1-0: Ball 2-0: Called Strike 2-1: Foul Ball, location: 2F 2-2: Ball 3-2: Foul Ball, location: 2F 3-2: Foul Ball, location: 2F 3-2: SINGLE (Groundball, 56D) Iván Gonzáles to second Iván Gonzáles to third
|
Batting: RHB Roberto Zamora
|
0-0: SINGLE (Groundball, 3D) Iván Gonzáles scores Bill Mark to second Runner from 2nd tries for 3rd, OUT!
|
Top of the 9th over - 1 run(s), 2 hit(s), 0 error(s), 1 left on base; Seattle 5 - Kansas City 4 |
BOTTOM OF THE 9TH |
Kansas City Kings batting - Pitching for Seattle Pikes : LHP Manny Sandoval
|
Pitching: LHP Cristián Escobar
|
|
Batting: RHB Toshimichi Kono
|
0-0: Ball 1-0: Foul Ball, location: 2F 1-1: Called Strike 1-2: Strikes out swinging
|
Batting: RHB Dave Parker
|
0-0: Ball 1-0: Called Strike 1-1: Ball 2-1: Ball 3-1: Base on Balls
|
Batting: LHB Stan Hickman
|
0-0: Called Strike 0-1: Called Strike 0-2: Foul Ball, location: 2F 0-2: Foul Ball, location: 2F 0-2: Ball 1-2: Fly out, F8 (Line Drive, 8LM)
|
Batting: SHB Douglas Taylor
|
0-0: Ball 1-0: Foul Ball, location: 2F 1-1: Ball 2-1: Foul Ball, location: 2F 2-2: Strikes out swinging
|
Bottom of the 9th over - 0 run(s), 0 hit(s), 0 error(s), 1 left on base; Seattle 5 - Kansas City 4 |
|